 Dungeon Crawl Stone Soup version 0.28.0-43-g3370ac3207 (webtiles) character file.

Game seed: 16212285939725783329

352 Faeu the Skirmisher (level 6, -1/56 HPs)
             Began as a Minotaur Fighter on Mar 25, 2022.
             Slain by an orc wizard
             ... wielding a +0 dagger
              (2 damage)
             ... on level 3 of the Dungeon.
             The game lasted 00:08:06 (3116 turns).

Faeu the Skirmisher (Minotaur Fighter)              Turns: 3116, Time: 00:08:06

Health: -1/56      AC:  7    Str: 22    XL:     6   Next: 35%
Magic:  5/5        EV:  9    Int:  5    God:
Gold:   62         SH:  5    Dex: 10    Spells: 5/5 levels left

rFire   . . .      SeeInvis .   j - +2 mace (drain) {mace}
rCold   . . .      Faith    .   c - +0 buckler
rNeg    + . .      Spirit   .   k - +0 scale mail {rN+}
rPois   .          Reflect  .   (helmet restricted)
rElec   .          Harm     .   (no cloak)
rCorr   .          Rampage  .   (no gloves)
Will    .....                   (no boots)
Stlth   ..........              (no amulet)
HPRegen 0.18/turn               (no ring)
MPRegen 0.09/turn               (no ring)

@: no status effects
A: horns 2, retaliatory headbutt
a: no special abilities


You were on level 3 of the Dungeon.
You visited 1 branch of the dungeon, and saw 4 of its levels.

You collected 62 gold pieces.


Innate Abilities, Weirdness & Mutations

You have a pair of horns on your head.
You reflexively headbutt those who attack you in melee.


   Skills:
 + Level 5.4 Fighting
 + Level 4.5 Long Blades
 + Level 5.3 Armour
 + Level 5.2 Shields


You had 5 spell levels left.
You didn't know any spells.
Your spell library contained the following spells:

 Spells                   Type           Power      Damage    Failure   Level
 Animate Armour           Summ/Erth      0%         N/A       100%        4
 Blade Hands              Tmut           0%         N/A       100%        5
 Iron Shot                Conj/Erth      0%         9d1       100%        6

Inventory:

Hand Weapons
 a - a +0 long sword {long}
 j - a +2 mace of draining (weapon) {mace}
   (You took it off Terence on level 2 of the Dungeon)
Missiles
 q - a boomerang (quivered) {throwing}
Armour
 c - a +0 buckler (worn)
 k - a +0 scale mail of positive energy (worn)
   (You took it off Terence on level 2 of the Dungeon)
 m - the +0 ring mail of Transparent Awe {Will+}
   (You found it on level 2 of the Dungeon)

   Will:      It increases your willpower.
Scrolls
 e - 3 scrolls of identify {unknown}
 f - a scroll of summoning {unknown}
 g - a scroll of magic mapping {unknown}
 h - a scroll of fog {unknown}
 i - 4 scrolls of teleportation {unknown}
 p - a scroll of vulnerability {unknown}
Potions
 b - a potion of attraction {unknown}
 d - a potion of might
 l - 2 potions of haste {unknown}
 n - a potion of curing {unknown}
 o - a potion of flight {unknown}

Dungeon Overview and Level Annotations

Branches:
Dungeon (4/15)
 Temple: D:4-7

Altars:
Gozag
Beogh

Shops:
D:3

[ # ####
...#####################
...##..................#
...##..............#.#.##
...##...........@.......#
...'............{>.#.#..#
...##...........#.......#
...##...........#.#..#..#
#####...............##.#####
##.........#.#.#........#
#......).........###.##.#
#..........#.#.......##.# #
#.....................#.#


There were no monsters in sight!


Message History

You are more poisoned.
The scorpion poisons you! 😕 HP[-8]
You take 8 damage, and now have 43/56 hp.
You closely miss the scorpion.
You feel extremely sick.
The scorpion stings you but does no damage. 😮 HP[-7]
You take 7 damage, and now have 36/56 hp.
You barely miss the scorpion.
You feel very sick. The scorpion barely misses you. The scorpion stings you.
* * * LOW HITPOINT WARNING * * *
😨 HP[-9]
You take 9 damage, and now have 27/56 hp.
You sock the scorpion!
You kill the scorpion!
You feel very sick. 😨 HP[-4]
You take 4 damage, and now have 23/56 hp.
You feel sick. 😨 HP[-2]
You take 2 damage, and now have 21/56 hp.
You feel sick. 😨 HP[-2]
You take 2 damage, and now have 19/56 hp.
You feel sick.
You feel sick. 😨 HP[-1]
You take 1 damage, and now have 18/56 hp.
You feel sick. 😨 HP[-1]
You take 1 damage, and now have 17/56 hp.
You feel sick. 😨 HP[-1]
You take 1 damage, and now have 16/56 hp.
You feel sick.
The orc shouts! 😨 HP[-1]
You take 1 damage, and now have 15/56 hp.
You are too injured to fight recklessly!
You feel sick.
You are no longer poisoned. 😱 HP[-1]
You take 1 damage, and now have 14/56 hp. 😨 HP[+1]
An orc wizard comes into view. It is wielding a +0 dagger.
The orc wizard gestures at you while chanting.
You resist with some effort.
You see here 11 gold pieces.
A quokka comes into view.
The orc wizard mumbles some strange words.
The orc wizard flickers and vanishes!
Deactivating autopickup; reactivate with Ctrl-A. 😨 HP[+1]
You hit the orc. You drain the orc.
You kill the orc!
You see here a +2 vorpal mace {mace}.
The quokka bites you but does no damage.
There is a stone staircase leading up, spattered with blood here. 😨 HP[+1]
Okay, then.
You block the quokka's attack. Something hits you but does no damage.
You climb upwards.
Reactivating autopickup.
There is a stone staircase leading down here.
You sock the quokka!
You kill the quokka!
Something hits you but does no damage.
Deactivating autopickup; reactivate with Ctrl-A.
Something hits you.
* * * LOW HITPOINT WARNING * * *
Things that are here:
14 sling bullets; a quokka corpse; 😨 HP[-1]
You take 1 damage, and now have 16/56 hp.
You completely miss something. You block something's attack.
Something hits you.
* * * LOW HITPOINT WARNING * * *
😨 HP[-1]
You take 1 damage, and now have 15/56 hp.
You closely miss something. Something hits you but does no damage.
You miss something. You headbutt something.
You hear some strange, mumbled words.
A magic dart appears from out of thin air!
The magic dart hits you.
* * * LOW HITPOINT WARNING * * *
Something hits you.
* * * LOW HITPOINT WARNING * * *
😱 HP[-7]
You take 7 damage, and now have 8/56 hp.
You sock something! Something hits you but does no damage.
You closely miss something.
You hear some strange, mumbled words.
A puff of flame appears from out of thin air!
The puff of flame hits you!
* * * LOW HITPOINT WARNING * * *
😱 HP[-7]
You take 7 damage, and now have 1/56 hp.
You barely miss something. Your headbutt misses something. Something hits you.
You die...

Skill      XL: |  1  2  3  4  5 |
---------------+----------------+-----
Fighting       | 4 5 |  5.4
Armour         | 4 5 |  5.3
Shields        | 4 5 |  5.2
Long Blades    | 3 4 |  4.5

Action                   |  1- 3 |  4- 6 || total
-------------------------+-------+-------++-------
Melee: Long sword        |    69 |       ||    69
       Headbutt          |     4 |    12 ||    16
       Mace              |    12 |    75 ||    87
Throw: Boomerang         |       |     4 ||     4
Armor: Scale mail        |    52 |    47 ||    99
Dodge: Dodged            |    41 |    39 ||    80
Block: Buckler           |    26 |    18 ||    44

Levels and vault maps discovered:
D:1:      roderic_chinese_lattice_arrival, layout_basic,
          hellmonk_ecumenical_altar_defaced_shrine
D:2:      layout_loops_corners, basic_altar, uniq_terence
D:3:      wander_river, layout_basic, serial_shops, nicolae_shop_statue_plus,
          serial_glass, glass_columns_c, glass_columns_a, glass_columns_a,
          glass_columns_a, glass_columns_a, glass_columns_a, glass_columns_a,
          glass_columns_a, uniq_pargi
D:4:      layout_cave_pools, portal_sewer_entry_f, gammafunk_ghost_smash,
          minmay_manual_macuahuitl

Notes
Turn   | Place    | Note
-------+----------+-------------------------------------------
     0 | D:1      | Faeu the Minotaur Fighter began the quest for the Orb.
     0 | D:1      | Reached XP level 1. HP: 19/19 MP: 0/0
     0 | D:1      | magus.rc [v1.9.6]
   321 | D:1      | Reached XP level 2. HP: 27/27 MP: 1/1
   332 | D:1      | Found a faded altar of an unknown god.
   616 | D:1      | Reached skill level 4 in Fighting
   616 | D:1      | Reached skill level 4 in Armour
   640 | D:1      | Reached skill level 4 in Shields
  1049 | D:1      | Reached skill level 3 in Long Blades
  1085 | D:1      | Reached XP level 3. HP: 29/33 MP: 2/2
  1312 | D:2      | Noticed Terence
  1325 | D:2      | Killed Terence
  1656 | D:2      | Found an opulent altar of Gozag.
  1759 | D:2      | Reached XP level 4. HP: 39/41 MP: 3/3
  1794 | D:2      | Identified the +0 ring mail of Transparent Awe {Will+}
  2419 | D:3      | Found Fureg's Antique Armour Shoppe.
  2430 | D:3      | You pick up a book of Iron and begin reading...
  2430 | D:3      | You add the spells Animate Armour, Blade Hands and Iron
                  | Shot to your library.
  2503 | D:3      | Reached XP level 5. HP: 40/47 MP: 4/4
  2664 | D:3      | Noticed Pargi
  2678 | D:3      | Killed Pargi
  2679 | D:3      | Reached skill level 5 in Fighting
  2679 | D:3      | Reached skill level 4 in Long Blades
  2679 | D:3      | Reached skill level 5 in Armour
  2679 | D:3      | Reached skill level 5 in Shields
  3079 | D:4      | Reached XP level 6. HP: 53/56 MP: 5/5
  3095 | D:4      | HP: 14/56 [poisoned by a scorpion]
  3113 | D:3      | HP: 10/56 [something/magic dart (5)]
  3115 | D:3      | HP: 1/56 [something/puff of flame (8)]
  3116 | D:3      | Slain by an orc wizard

Vanquished Creatures
  Pargi (D:3)
  A scorpion (D:4)
  A hound (D:4)
  An orc priest (D:3)
  Terence (D:2)
  4 adders
  A worm (D:2)
  2 dart slugs
  6 orcs
  2 ball pythons
  5 bats
  7 endoplasms
  6 giant cockroaches (D:1)
  8 goblins
  7 hobgoblins
  2 jackals (D:2)
  4 quokkas
  2 kobolds
  7 rats
68 creatures vanquished.

Table legend:
 A = Non-vault XP
 B = Vault XP
 C = Vault XP percentage of total XP
 D = Non-vault monster count
 E = Vault monster count
 F = Vault count percentage of total count
                 A         B        C        D         E       F
            +---------+---------+-------+---------+---------+-------
      Total |     321 |     183 |  36.3 |      60 |       8 |  11.8
            +---------+---------+-------+---------+---------+-------
        D:1 |      32 |      13 |  28.9 |      19 |       6 |  24.0
        D:2 |      63 |      32 |  33.7 |      21 |       1 |   4.5
        D:3 |      99 |     138 |  58.2 |      16 |       1 |   5.9
        D:4 |     127 |       0 |   0.0 |       4 |       0 |   0.0
            +---------+---------+-------+---------+---------+-------

Illustrated notes

Table legend:
 A = Kills in this place as a percentage of kills in entire the game.
 B = Kills by you in this place as a percentage of kills by you in the entire game.
 C = Kills by friends in this place as a percentage of kills by friends in the entire game.
 D = Other kills in this place as a percentage of other kills in the entire game.
 E = Experience gained in this place as a percentage of experience gained in the entire game.
 F = Experience gained in this place divided by the number of levels of this place that you have seen.
                   A       B       C       D       E      F
               +-------+-------+-------+-------+-------+----------------------
         Total | 100.0 | 100.0 |   N/A |   N/A | 100.0 | 126.0
       Dungeon | 100.0 | 100.0 |   N/A |   N/A | 100.0 | 126.0
               +-------+-------+-------+-------+-------+----------------------

Table legend: (Time is in decaauts)
 A = Elapsed time spent in this place.
 B = Non-inter-level travel time spent in this place.
 C = Inter-level travel time spent in this place.
 D = Time resting spent in this place.
 E = Time spent auto-exploring this place.
 F = Levels seen in this place.
 G = Mean time per level.
                   A        B        C        D        E       F      G
               +--------+--------+--------+--------+--------+-----+--------+
         Total |   3210 |   3087 |    123 |      0 |   2309 |   4 |  802.5 |
       Dungeon |   3210 |   3087 |    123 |      0 |   2309 |   4 |  802.5 |
               +--------+--------+--------+--------+--------+-----+--------+

Top non-repeatable levels by time:
     D:1: 1325 daAuts
     D:2: 1018 daAuts
     D:3: 820 daAuts
     D:4: 46 daAuts
